MID
DAYTON DRAGONS @ LAKE COUNTY CAPTAINS
08/05/2099
 
TOP OF THE 1ST
Dayton Dragons batting - Pitching for Lake County Captains : RHP Andy Washburn
Pitching: RHP Andy Washburn
Batting: LHB Scott Guinan 0-0: Ball
1-0: Foul Ball, location: 25FF
1-1: Ball
2-1: Foul Ball, location: 2F
2-2: Fly out, F7 (Flyball, 7S, EV 83.8 MPH)
Batting: LHB Kevin Martin 0-0: Foul Ball, location: 25F
0-1: Called Strike
0-2: Foul Ball, location: 2F
0-2: Ball
1-2: Hit by Pitch
Batting: RHB Justin Allan 0-0: Ball
1-0: Fly out, F9 (Line Drive, 9LM, EV 101.9 MPH)
Batting: LHB Josh Southerland 0-0: Ball
1-0: SINGLE (Flyball, 9LS, EV 95.0 MPH)
Kevin Martin to second
Runner from 2nd tries for 3rd, SAFE, no throw by RF
Batting: LHB Troy Gallagher 0-0: Ground out 4-3 (Groundball, 4, EV 76.9 MPH)
Top of the 1st over - 0 runs, 1 hit, 0 errors, 2 left on base; Dayton 0 - Lake County 0
BOTTOM OF THE 1ST
Lake County Captains batting - Pitching for Dayton Dragons : RHP Corey Leon
Pitching: RHP Corey Leon
Batting: RHB Justin Stevenson 0-0: SINGLE (Line Drive, 34D, EV 96.3 MPH)
Batting: SHB Collin Hays 0-0: Ball
Justin Stevenson steals 2nd base
1-0: Ball
Justin Stevenson steals 3rd base
2-0: Fly out, F7 (Flyball, 78M, EV 95.0 MPH)
Runner from 3rd tags up, SCORES, no throw by LF
Batting: LHB Max Schmidt 0-0: Fly out, F6 (Popup, 6M, EV 61.3 MPH)
Batting: RHB Wayne Davis 0-0: Foul Ball, location: 2F
0-1: SOLO HOME RUN (Flyball, 7D, EV 96.9 MPH), Distance : 390 ft
Batting: LHB Matt Beard 0-0: Called Strike
0-1: Ground out 4-3 (Groundball, 4, EV 91.9 MPH)
Bottom of the 1st over - 2 runs, 2 hits, 0 errors, 0 left on base; Dayton 0 - Lake County 2
TOP OF THE 2ND
Dayton Dragons batting - Pitching for Lake County Captains : RHP Andy Washburn
Batting: RHB Antonio Villasenor 0-0: Called Strike
0-1: Ball
1-1: Ball
2-1: Called Strike
2-2: Ball
3-2: Fly out, F4 (Popup, 34S, EV 73.1 MPH)
Batting: LHB Steve Alger 0-0: Ball
1-0: Ball
2-0: Ball
3-0: Called Strike
3-1: Swinging Strike
3-2: Strikes out swinging
Batting: SHB Ray Bennett 0-0: Ball
1-0: Ball
2-0: Ball
3-0: Foul Ball, location: 2F
3-1: Called Strike
3-2: Base on Balls
Batting: RHB Jacob Morrow 0-0: Ball
1-0: Swinging Strike
1-1: Called Strike
1-2: Ball
2-2: Fly out, F9 (Flyball, 9D, EV 98.8 MPH)
Top of the 2nd over - 0 runs, 0 hits, 0 errors, 1 left on base; Dayton 0 - Lake County 2
BOTTOM OF THE 2ND
Lake County Captains batting - Pitching for Dayton Dragons : RHP Corey Leon
Batting: RHB Izzy Franco 0-0: Foul Ball, location: 2F
0-1: Swinging Strike
0-2: Strikes out swinging
Batting: RHB Jesus Sanchez 0-0: Ball
1-0: Ball
2-0: Ball
3-0: Base on Balls
Batting: RHB Ralph Monti 0-0: Called Strike
0-1: Ball
1-1: Ball
2-1: Foul Ball, location: 2F
2-2: SINGLE (Line Drive, 7LS, EV 85.6 MPH)
Jesus Sanchez to second
Batting: RHB Jerry Alvarado 0-0: Called Strike
0-1: Foul Ball, location: 9LSF
0-2: Ball
1-2: Ball
2-2: Foul Ball, location: 23F
2-2: Ball
3-2: DOUBLE (Line Drive, 7LS, EV 93.1 MPH)
Jesus Sanchez scores
Ralph Monti to third
Runner from 3rd tries for Home, SAFE, no throw by LF
Batting: RHB Justin Stevenson 0-0: Ball
1-0: SINGLE (Line Drive, 78S, EV 86.9 MPH)
Jerry Alvarado to third
Batting: SHB Collin Hays 0-0: Ball
1-0: Ball
Justin Stevenson steals 2nd base
2-0: Fly out, F8 (Flyball, 8RM, EV 86.9 MPH)
Runner from 3rd tags up, OUT at HOME! 8-2
Bottom of the 2nd over - 2 runs, 3 hits, 0 errors, 1 left on base; Dayton 0 - Lake County 4
TOP OF THE 3RD
Dayton Dragons batting - Pitching for Lake County Captains : RHP Andy Washburn
Batting: LHB Scott Guinan 0-0: Ball
1-0: Foul Ball, location: 2F
1-1: Ball
2-1: Fly out, F8 (Flyball, 8RS, EV 93.1 MPH)
Batting: LHB Kevin Martin 0-0: Foul Ball, location: 9LMF
0-1: Ball
1-1: DOUBLE (Flyball, 78XD, EV 100.6 MPH)
Batting: RHB Justin Allan 0-0: Ground out 5-3 (Groundball, 56S, EV 85.0 MPH)
Batting: LHB Josh Southerland 0-0: Ball
1-0: Ball
2-0: Foul Ball, location: 2LF
2-1: Fly out, F7 (Flyball, 7D, EV 75.0 MPH)
Top of the 3rd over - 0 runs, 1 hit, 0 errors, 1 left on base; Dayton 0 - Lake County 4
BOTTOM OF THE 3RD
Lake County Captains batting - Pitching for Dayton Dragons : RHP Corey Leon
Batting: LHB Max Schmidt 0-0: Ball
1-0: Foul Ball, location: 7LMF
1-1: Foul Ball, location: 2F
1-2: Foul Ball, location: 9LSF
1-2: Fly out, F6 (Popup, 4MD, EV 58.1 MPH)
Batting: RHB Wayne Davis 0-0: Ball
1-0: Ball
2-0: Ball
3-0: Swinging Strike
3-1: Base on Balls
Batting: LHB Matt Beard 0-0: Ball
1-0: Called Strike
1-1: SINGLE (Groundball, 6D, EV 101.9 MPH)
Wayne Davis to second
Batting: RHB Izzy Franco 0-0: Ball
1-0: Called Strike
1-1: Ball
2-1: Ground out 4-3 (Groundball, 4MD, EV 102.5 MPH)
Wayne Davis to third
Matt Beard to second
Batting: RHB Jesus Sanchez 0-0: Called Strike
0-1: DOUBLE (Groundball, 5L, EV 101.9 MPH)
Wayne Davis scores
Matt Beard scores
Batting: RHB Ralph Monti 0-0: Foul Ball, location: 2F
0-1: Ball
1-1: Ball
2-1: Ground out 1-3 (Groundball, 23, EV 68.8 MPH)
Bottom of the 3rd over - 2 runs, 2 hits, 0 errors, 1 left on base; Dayton 0 - Lake County 6
TOP OF THE 4TH
Dayton Dragons batting - Pitching for Lake County Captains : RHP Andy Washburn
Batting: LHB Troy Gallagher 0-0: Ball
1-0: Foul Ball, location: 2F
1-1: Called Strike
1-2: Hit by Pitch
Batting: RHB Antonio Villasenor 0-0: Swinging Strike
0-1: Ball
1-1: Swinging Strike
Troy Gallagher steals 2nd base
1-2: Ground out U3 (Groundball, 3L, EV 98.1 MPH)
Troy Gallagher to third
Batting: LHB Steve Alger 0-0: Called Strike
0-1: Ball
1-1: Foul Ball, location: 7LMF
1-2: Strikes out swinging
Batting: SHB Ray Bennett 0-0: Foul Ball, location: 3FF
0-1: Foul Ball, location: 2F
0-2: Foul Ball, location: 2F
0-2: Strikes out swinging
Top of the 4th over - 0 runs, 0 hits, 0 errors, 1 left on base; Dayton 0 - Lake County 6
BOTTOM OF THE 4TH
Lake County Captains batting - Pitching for Dayton Dragons : RHP Corey Leon
Pitching: RHP Jorge Hurtado
Batting: RHB Jerry Alvarado 0-0: Ball
1-0: Foul Ball, location: 2F
1-1: Foul Ball, location: 2F
1-2: Ball
2-2: Ball
3-2: Base on Balls
Batting: RHB Justin Stevenson 0-0: Grounds into double play, 5-4-3 (Groundball, 56S, EV 85.6 MPH)
Batting: SHB Collin Hays 0-0: Called Strike
0-1: Fly out, F9 (Line Drive, 89M, EV 92.5 MPH)
Bottom of the 4th over - 0 runs, 0 hits, 0 errors, 0 left on base; Dayton 0 - Lake County 6
TOP OF THE 5TH
Dayton Dragons batting - Pitching for Lake County Captains : RHP Andy Washburn
Batting: RHB Jacob Morrow 0-0: Called Strike
0-1: Ball
1-1: Called Strike
1-2: Ball
2-2: Strikes out looking
Batting: LHB Scott Guinan 0-0: Called Strike
0-1: Ball
1-1: SINGLE (Line Drive, 7LM, EV 89.4 MPH)
Batting: LHB Kevin Martin 0-0: Ball
1-0: Fly out, F7 (Line Drive, 7, EV 85.6 MPH)
Batting: RHB Justin Allan 0-0: Called Strike
0-1: Called Strike
Scott Guinan steals 2nd base
0-2: Ball
1-2: Ball
2-2: Ground out 5-3 (Groundball, 5, EV 105.6 MPH)
Top of the 5th over - 0 runs, 1 hit, 0 errors, 1 left on base; Dayton 0 - Lake County 6
BOTTOM OF THE 5TH
Lake County Captains batting - Pitching for Dayton Dragons : RHP Jorge Hurtado
Batting: LHB Max Schmidt 0-0: Ground out U3 (Groundball, 34, EV 65.0 MPH)
Batting: RHB Wayne Davis 0-0: Foul Ball, location: 2F
0-1: Foul Ball, location: 25F
0-2: Ball
1-2: Ball
2-2: SINGLE (Flyball, 89S, EV 95.0 MPH)
Batting: LHB Matt Beard 0-0: Foul Ball, location: 3F
0-1: Swinging Strike
0-2: Fly out, F4 (Line Drive, 34, EV 100.6 MPH)
Lined into DP, 4-3 (Line Drive, 34, EV 100.6 MPH)
Bottom of the 5th over - 0 runs, 1 hit, 0 errors, 0 left on base; Dayton 0 - Lake County 6
TOP OF THE 6TH
Dayton Dragons batting - Pitching for Lake County Captains : RHP Andy Washburn
Batting: LHB Josh Southerland 0-0: Ball
1-0: Foul Ball, location: 7LDF
1-1: Ball
2-1: Ball
3-1: Foul Ball, location: 2F
3-2: Foul Ball, location: 9LMFF
3-2: Base on Balls
Batting: LHB Troy Gallagher 0-0: Called Strike
0-1: Ball
1-1: Ball
2-1: Swinging Strike
2-2: Strikes out swinging
Batting: RHB Antonio Villasenor 0-0: Ball
1-0: Called Strike
1-1: Foul Ball, location: 2F
1-2: Ball
2-2: Ball
3-2: Fly out, F9 (Flyball, 9, EV 95.6 MPH)
Batting: LHB Steve Alger 0-0: Ball
1-0: Foul Ball, location: 23FF
1-1: Swinging Strike
1-2: Ball
2-2: Foul Ball, location: 2F
2-2: Ball
3-2: Base on Balls
Josh Southerland to second
Batting: SHB Ray Bennett 0-0: Called Strike
0-1: Ball
1-1: Fly out, F6 (Popup, P, EV 87.5 MPH)
Top of the 6th over - 0 runs, 0 hits, 0 errors, 2 left on base; Dayton 0 - Lake County 6
BOTTOM OF THE 6TH
Lake County Captains batting - Pitching for Dayton Dragons : RHP Jorge Hurtado
Batting: RHB Izzy Franco 0-0: Ball
1-0: Called Strike
1-1: SINGLE (Line Drive, 9LS, EV 101.3 MPH)
Batting: RHB Jesus Sanchez 0-0: Ball
1-0: Fly out, F8 (Flyball, 89M, EV 81.9 MPH)
Batting: RHB Ralph Monti 0-0: Foul Ball, location: 25F
0-1: Ball
1-1: Ball
2-1: Ball
3-1: Called Strike
3-2: Foul Ball, location: 9LMF
3-2: Fly out, F4 (Popup, 13, EV 84.4 MPH)
Batting: RHB Jerry Alvarado 0-0: Swinging Strike
0-1: Foul Ball, location: 2F
0-2: Strikes out swinging
Bottom of the 6th over - 0 runs, 1 hit, 0 errors, 1 left on base; Dayton 0 - Lake County 6
TOP OF THE 7TH
Dayton Dragons batting - Pitching for Lake County Captains : RHP Andy Washburn
Batting: RHB Jacob Morrow 0-0: Called Strike
0-1: Called Strike
0-2: Ball
1-2: Strikes out looking
Batting: LHB Scott Guinan 0-0: Ball
1-0: Foul Ball, location: 2F
1-1: SINGLE (Groundball, 6MD, EV 97.5 MPH)
Batting: LHB Kevin Martin 0-0: Called Strike
0-1: Ball
Scott Guinan steals 2nd base (no throw)
1-1: Called Strike
1-2: Ball
2-2: Strikes out swinging
Batting: RHB Justin Allan 0-0: Ball
1-0: Ball
2-0: Ball
3-0: Called Strike
3-1: Ground out 6-3 (Groundball, 6, EV 108.1 MPH)
Top of the 7th over - 0 runs, 1 hit, 0 errors, 1 left on base; Dayton 0 - Lake County 6
BOTTOM OF THE 7TH
Lake County Captains batting - Pitching for Dayton Dragons : RHP Jorge Hurtado
Pitching: LHP Pete Eckstrom
Batting: RHB Justin Stevenson 0-0: Swinging Strike
0-1: Swinging Strike
0-2: Strikes out swinging
Batting: SHB Collin Hays 0-0: Foul Ball, location: 9LDF
0-1: Foul Ball, location: 2F
0-2: Foul Ball, location: 2F
0-2: Ball
1-2: Strikes out swinging
Batting: LHB Max Schmidt 0-0: Ball
1-0: Called Strike
1-1: Ball
2-1: Called Strike
2-2: Strikes out swinging
Bottom of the 7th over - 0 runs, 0 hits, 0 errors, 0 left on base; Dayton 0 - Lake County 6
TOP OF THE 8TH
Dayton Dragons batting - Pitching for Lake County Captains : RHP Andy Washburn
Batting: LHB Josh Southerland 0-0: Ball
1-0: Foul Ball, location: 2LF
1-1: Swinging Strike
1-2: Foul Ball, location: 3F
1-2: Foul Ball, location: 2F
1-2: Ball
2-2: Ground out 4-3 (Groundball, 4, EV 95.0 MPH)
Batting: LHB Troy Gallagher 0-0: Ball
1-0: Ball
2-0: Called Strike
2-1: Ground out 4-3 (Groundball, 34, EV 86.9 MPH)
Batting: RHB Antonio Villasenor 0-0: Swinging Strike
0-1: Ball
1-1: Ball
2-1: Foul Ball, location: 2F
2-2: SINGLE (Line Drive, 9S, EV 101.3 MPH)
Pitching: RHP Matt Martin
Batting: LHB Steve Alger 0-0: Fly out, F7 (Line Drive, 78M, EV 89.4 MPH)
Top of the 8th over - 0 runs, 1 hit, 0 errors, 1 left on base; Dayton 0 - Lake County 6
BOTTOM OF THE 8TH
Lake County Captains batting - Pitching for Dayton Dragons : LHP Pete Eckstrom
Batting: RHB Wayne Davis 0-0: Foul Ball, location: 9LDF
0-1: Ball
1-1: Ball
2-1: Foul Ball, location: 9LSF
2-2: Foul Ball, location: 2F
2-2: Foul Ball, location: 2F
2-2: Fly out, F4 (Popup, 4S, EV 60.0 MPH)
Batting: LHB Matt Beard 0-0: Ball
1-0: Ball
2-0: SINGLE (Groundball, 4S, EV 68.8 MPH) (infield hit)
Batting: RHB Izzy Franco 0-0: Ball
1-0: Ball
2-0: Ball
3-0: Base on Balls
Matt Beard to second
Batting: RHB Jesus Sanchez 0-0: Called Strike
0-1: Ball
1-1: Fly out, F6 (Line Drive, 6D, EV 71.3 MPH)
Lined into DP, 6-4 (Line Drive, 6D, EV 71.3 MPH)
Bottom of the 8th over - 0 runs, 1 hit, 0 errors, 1 left on base; Dayton 0 - Lake County 6
TOP OF THE 9TH
Dayton Dragons batting - Pitching for Lake County Captains : RHP Matt Martin
Batting: SHB Ray Bennett 0-0: Swinging Strike
0-1: Foul Ball, location: 23F
0-2: Strikes out looking
Pinch Hitting: LHB Liosvany Koehler 0-0: Ball
1-0: Foul Ball, location: 2F
1-1: Foul Ball, location: 2F
1-2: Ground out 6-3 (Groundball, 6M, EV 88.1 MPH)
Batting: LHB Scott Guinan 0-0: Foul Ball, location: 3FF
0-1: Foul Ball, location: 25FF
0-2: Ball
1-2: Fly out, F9 (Flyball, S8, EV 101.3 MPH)
Top of the 9th over - 0 runs, 0 hits, 0 errors, 0 left on base; Dayton 0 - Lake County 6
Monday, May 13th , 2024 - OOTP Baseball 24.11 Build 85